 Dungeon Crawl Stone Soup version 0.29-a0-819-g94b489e0ae (webtiles) character file.

Game seed: 7362361141985885096

49 funkygono the Shield-Bearer (level 3, -1/33 HPs)
             Began as a Minotaur Fighter on July 6, 2022.
             Slain by Sigmund
             ... wielding a +0 scythe
              (6 damage)
             ... on level 2 of the Dungeon.
             The game lasted 00:02:02 (1035 turns).

funkygono the Shield-Bearer (Minotaur Fighter)      Turns: 1035, Time: 00:02:03

Health: -1/33      AC:  9    Str: 22    XL:     3   Next: 53%
Magic:  2/2        EV:  7    Int:  5    God:
Gold:   15         SH:  0    Dex:  9    Spells: 2/2 levels left

rFire   . . .      SeeInvis .   a - +0 long sword
rCold   . . .      Faith    .   c - +0 buckler
rNeg    . . .      Spirit   .   m - +0 chain mail
rPois   .          Reflect  .   (helmet restricted)
rElec   .          Harm     .   (no cloak)
rCorr   .          Rampage  .   (no gloves)
Will    .....                   (no boots)
Stlth   ..........              (no amulet)
HPRegen 0.11/turn               (no ring)
MPRegen 0.08/turn               (no ring)

@: confused, mighty
A: horns 2, retaliatory headbutt
a: no special abilities


You were on level 2 of the Dungeon.
You visited 1 branch of the dungeon, and saw 2 of its levels.

You collected 15 gold pieces.

Inventory:

Hand Weapons
 a - a +0 long sword (weapon)
Missiles
 g - 6 javelins (quivered)
Armour
 c - a +0 buckler (worn)
 m - a +0 chain mail (worn)
Scrolls
 h - a scroll of enchant armour {unknown}
Potions
 b - a potion of degeneration {unknown}
 e - a potion of brilliance {unknown}
 f - a potion of curing {unknown}
 i - 3 potions of attraction {unknown}
 j - 4 potions of heal wounds {unknown}
 k - a potion of mutation {unknown}
 l - a potion of invisibility {unknown}


   Skills:
 + Level 4.0 Fighting
 + Level 3.3 Long Blades
 + Level 4.2 Armour
 + Level 0.1 Dodging
 + Level 4.2 Shields


You had 2 spell levels left.
You didn't know any spells.
Your spell library contained the following spells:

 Spells                   Type           Power      Damage    Failure   Level
 Ensorcelled Hibernation  Hex/Ice        0%         N/A       100%        2
 Passwall                 Tmut/Erth      0%         N/A       100%        2
 Stone Arrow              Conj/Erth      0%         3d7       100%        3
 Swiftness                Air            0%         N/A       100%        3
 Animate Armour           Summ/Erth      0%         N/A       100%        4
 Lehudib's Crystal Spear  Conj/Erth      0%         10d2      100%        8


Dungeon Overview and Level Annotations

Branches:
Dungeon (2/15)

Altars:

Annotations:
D:2 Robin, Sigmund


Innate Abilities, Weirdness & Mutations

You have a pair of horns on your head.
You reflexively headbutt those who attack you in melee.


Message History

You feel very mighty all of a sudden.
You hit the ball python.
You kill the ball python!
The goblin hits you but does no damage.
Things that are here:
a +0 sling; a +0 falchion; a ball python corpse You barely miss the goblin.
You block the goblin's attack.
Sigmund casts a spell.
Sigmund flickers and vanishes!
Deactivating autopickup; reactivate with Ctrl-A.
You closely miss the goblin. Your headbutt misses the goblin.
The goblin hits you but does no damage.
You barely miss the goblin. Your headbutt misses the goblin.
Something hits you but does no damage. The goblin hits you but does no damage.
The goblin misses you. You furiously retaliate!
You headbutt the goblin!
You kill the goblin!
You barely miss the goblin. Something hits you but does no damage.
The goblin hits you but does no damage. Something hits you.
You closely miss the goblin. Your headbutt misses the goblin.
The goblin hits you but does no damage. Something hits you!
You slash the goblin!
You kill the goblin!
Something hits you. Something hits you.
Things that are here:
a +0 dagger; a +0 war axe; a goblin corpse You miss something.
You hear some strange, mumbled words.
You are confused.
You closely miss something. Your headbutt misses something.
Something hits you. x2
* * * LOW HITPOINT WARNING * * *
You bump into the rock wall.
Something hits you.
* * * LOW HITPOINT WARNING * * *
You're too confused to move!
Something hits you.
* * * LOW HITPOINT WARNING * * *
Something hits you but does no damage.
Things that are here:
a +0 sling; a +0 falchion; a ball python corpse Something hits you.
You die...

S.....S....g...<...#
### #.####.......##.#
..# #.# #.......##.#
#.# #.# #.......##.#
#.# #.#
####.#####.##########
#.# #@# #.#
#...#........ #.# #g#
#{####...#.#######
#.# #.#
###)##.......#######
..# #g#
#..@)..............#
#.# #.#
#.####.......#.###.#
#.# #.# #.#
###...#.#.###.#
#.######@# #.#
#...#.#.##...
#.@..g.g.# #.#
##.##.#.#....
#.############.#
#.##........
.........^....)#
#.##........
..##############
#.###....<.. .......
##.#....


There were no monsters in sight!

Vanquished Creatures
  2 adders (D:2)
  4 ball pythons
  An endoplasm (D:1)
  A giant cockroach (D:1)
  8 goblins
  4 hobgoblins (D:1)
  A kobold (D:1)
  A quokka (D:1)
  2 bats (D:1)
  4 rats (D:1)
28 creatures vanquished.

Notes
Turn   | Place    | Note
-------+----------+-------------------------------------------
     0 | D:1      | funkygono the Minotaur Fighter began the quest for the Orb.
     0 | D:1      | Reached XP level 1. HP: 19/19 MP: 0/0
   159 | D:1      | Reached XP level 2. HP: 27/27 MP: 1/1
   586 | D:2      | Noticed Sigmund
   586 | D:2      | Noticed Robin
   786 | D:2      | Reached XP level 3. HP: 23/33 MP: 2/2
  1035 | D:2      | Slain by Sigmund

Illustrated notes

Levels and vault maps discovered:
D:1:      roderic_crossed_star, layout_basic
D:2:      layout_loops_ring, serial_shops, shop, ebering_ecumenical_altar_ruins,
          uniq_terence, uniq_sigmund, uniq_robin

Skill      XL: |  1  2 |
---------------+-------+-----
Fighting       | 4 |  4.0
Armour         | 4 |  4.2
Shields        | 4 |  4.2
Long Blades    | 3 |  3.3
Dodging        | |  0.1

Action                   || total
-------------------------++-------
Melee: Long sword        ||    58
       Headbutt          ||     4
  Use: Potion            ||     1
Armor: Scale mail        ||     9
       Chain mail        ||    29
Dodge: Dodged            ||    26
Block: Buckler           ||    12

Table legend: (Time is in decaauts)
 A = Elapsed time spent in this place.
 B = Non-inter-level travel time spent in this place.
 C = Inter-level travel time spent in this place.
 D = Time resting spent in this place.
 E = Time spent auto-exploring this place.
 F = Levels seen in this place.
 G = Mean time per level.
                   A        B        C        D        E       F      G
               +--------+--------+--------+--------+--------+-----+--------+
         Total |   1052 |   1035 |     17 |      0 |    623 |   2 |  526.0 |
       Dungeon |   1052 |   1035 |     17 |      0 |    623 |   2 |  526.0 |
               +--------+--------+--------+--------+--------+-----+--------+

Top non-repeatable levels by time:
     D:1: 691 daAuts
     D:2: 361 daAuts
